 Dungeon Crawl Stone Soup version 0.23-a0-164-g7711e57 (webtiles) character file.

349 iamserjio the Chopper (level 6, -1/48 HPs)
             Began as a Barachi Fighter on Sept 9, 2018.
             Was a Follower of Okawaru.
             Slain by an ogre
             ... wielding a +0 giant club
              (16 damage)
             ... on level 4 of the Dungeon.
             The game lasted 00:04:46 (2702 turns).

iamserjio the Chopper (Barachi Fighter)             Turns: 2702, Time: 00:04:47

Health: -1/48      AC:  9    Str: 19    XL:     6   Next: 60%
Magic:  0/6        EV:  5    Int:  9    God:    Okawaru [*.....]
Gold:   133        SH:  9    Dex: 11    Spells: 5/5 levels left

rFire    . . .     SeeInvis .   a - +0 war axe
rCold    . . .     Gourm    .   c - +0 shield
rNeg     . . .     Faith    .   p - +0 chain mail
rPois    .         Spirit   +   (no helmet)
rElec    .         Reflect  .   j - scarf {Spirit}
rCorr    .         Harm     .   (no gloves)
MR       .....                  (no boots)
Stlth    ..........             (no amulet)
HPRegen  0.16/turn              (no ring)
MPRegen  0.10/turn              (no ring)

@: slow
A: +LOS, swims, slowness 1, strong legs 1
a: Hop, Heroism, Renounce Religion


You were on level 4 of the Dungeon.
You worshipped Okawaru.
Okawaru was aware of your devotion.
You were not hungry.

You visited 1 branch of the dungeon, and saw 4 of its levels.

You collected 133 gold pieces.

Inventory:

Hand Weapons
 a - a +0 war axe (weapon)
 h - a +0 flail
Armour
 b - a +0 scale mail
 c - a +0 shield (worn)
 e - a cursed +0 leather armour
 j - a scarf of spirit shield (worn)
 p - a +0 chain mail (worn)
 w - a +0 cloak
Wands
 v - a wand of iceblast (5)
Scrolls
 i - 5 scrolls of identify {unknown}
 m - 3 scrolls of fear {unknown}
 n - 2 scrolls of teleportation {unknown}
 q - a scroll of enchant armour {unknown}
 s - a scroll of blinking {unknown}
 t - 3 scrolls of remove curse {unknown}
 y - a scroll of fog {unknown}
Potions
 d - a potion of might
 k - 3 potions of degeneration {unknown}
 l - 4 potions of curing {unknown}
 o - a potion of flight {unknown}
 r - a potion of mutation {unknown}
 u - 3 potions of brilliance {unknown}
 x - a potion of heal wounds {unknown}
Comestibles
 f - 8 rations
 g - 5 chunks of flesh


   Skills:
 - Level 4.0 Fighting
 * Level 5.9 Axes
 - Level 4.0 Armour
 + Level 5.1 Shields


You had 5 spell levels left.
You didn't know any spells.
Your spell library was empty.

Dungeon Overview and Level Annotations

Branches:
Dungeon (4/15)
 Temple: D:4-7

Altars:
Ashenzari
Hepliaklqana
Okawaru
Xom


Innate Abilities, Weirdness & Mutations

Shadows flee at your approach. (+LOS)
You can swim through water.
You cover ground slowly.
You can hop short distances.


Message History

a dagger; a robe There isn't anything to butcher here.
There isn't anything to butcher here.
As you open the door, it creaks loudly!
You start resting.
You start resting.
An ogre comes into view. It is wielding a giant club.
An ogre is nearby!
The ogre shouts!
You block the ogre's attack.
An orc comes into view. It is wielding a dagger.
You slash the ogre! The ogre hits you but does no damage.
You slash the ogre! The ogre hits you with a giant club!!
* * * LOW HITPOINT WARNING * * *
You closely miss the ogre. You slash the orc!
You kill the orc!
Okawaru accepts your kill. You block the ogre's attack.
You barely miss the ogre. The ogre hits you with a giant club!!
You die...

...#.. .. #..#.### ..
#..#.#<#.##
#..#......#
#####..#......#
##.............#
#.####..#......#
#.#+#'####..#.....##
#..O@.))....########.
#..)....)...)........
#..........#########.
#.............
#.........#####
###+#.......
..........
#####....... #.#.....


You could see an ogre.

Vanquished Creatures
  An ogre (D:4)
  An orc priest (D:4)
  Terence (D:2)
  2 iguanas (D:4)
  An orc wizard (D:4)
  A gnoll (D:1)
  6 adders
  An ooze (D:1)
  A worm (D:2)
  A dart slug (D:1)
  3 leopard geckos
  5 orcs
  3 giant cockroaches
  3 goblins
  5 hobgoblins
  8 jackals
  7 kobolds
  A quokka (D:4)
  A ball python (D:3)
  5 bats
  8 rats
65 creatures vanquished.

Notes
Turn   | Place    | Note
-------+----------+-------------------------------------------
     0 | D:1      | iamserjio the Barachi Fighter began the quest for the Orb.
     0 | D:1      | Reached XP level 1. HP: 18/18 MP: 1/1
    55 | D:1      | Reached XP level 2. HP: 19/25 MP: 2/2
   199 | D:1      | Reached XP level 3. HP: 28/30 MP: 3/3
  1100 | D:2      | Reached XP level 4. HP: 37/37 MP: 1/4
  1189 | D:2      | Noticed Terence
  1200 | D:2      | Killed Terence
  1251 | D:2      | Reached XP level 5. HP: 38/42 MP: 5/5
  1677 | D:2      | Found an iron altar of Okawaru.
  1677 | D:2      | Found a shattered altar of Ashenzari.
  1740 | D:2      | Became a worshipper of Warmaster Okawaru
  2391 | D:3      | Found a hazy altar of Hepliaklqana.
  2392 | D:3      | Found a shimmering altar of Xom.
  2393 | D:3      | Noticed a spectral ugly thing
  2551 | D:4      | Reached skill level 5 in Axes
  2553 | D:4      | Noticed an ogre
  2559 | D:4      | Killed an ogre
  2559 | D:4      | Reached XP level 6. HP: 16/48 MP: 2/6
  2638 | D:4      | Reached skill level 5 in Shields
  2647 | D:4      | Reached * piety under Okawaru
  2702 | D:4      | Slain by an ogre

Vault maps used:
D:1:      sevenhm_arrival_forest_fort_small_4
D:2:      gammafunk_temple_overflow_elements, first_ration, dk_noncrumbling_3,
          uniq_terence
D:3:      regret_index_temple_of_mockery
D:4:      grunt_temple_overflow_gold_and_silver, kennysheep_little_box

Skill      XL: |  1  2  3  4  5  6 |
---------------+-------------------+-----
Armour         | 4 |  4.0
Fighting       | 4 |  4.0
Axes           | 3 4 5 |  5.9
Shields        | 4 5 |  5.1

Action                   |  1- 3 |  4- 6 || total
-------------------------+-------+-------++-------
Melee: War axe           |    86 |   135 ||   221
Evoke: Wand              |       |     2 ||     2
  Eat: Chunk             |     1 |     6 ||     7
Armor: Scale mail        |    40 |       ||    40
       Chain mail        |       |    60 ||    60
Dodge: Dodged            |    40 |    37 ||    77
Block: Shield            |    48 |    64 ||   112

Table legend:
 A = Non-vault XP
 B = Vault XP
 C = Vault XP percentage of total XP
 D = Non-vault monster count
 E = Vault monster count
 F = Vault count percentage of total count
                 A         B        C        D         E       F
            +---------+---------+-------+---------+---------+-------
      Total |     463 |      36 |   7.2 |      64 |       1 |   1.5
            +---------+---------+-------+---------+---------+-------
        D:1 |      56 |       0 |   0.0 |      23 |       0 |   0.0
        D:2 |      88 |      36 |  29.0 |      23 |       1 |   4.2
        D:3 |      38 |       0 |   0.0 |       8 |       0 |   0.0
        D:4 |     281 |       0 |   0.0 |      10 |       0 |   0.0
            +---------+---------+-------+---------+---------+-------
